[ AOE2 MATCH · #506327803 ]
UnrankedItalians vs Muisca
Player's team · LOSS
Rival team · WIN
[ REPLAY ANALYSIS · EXTRACTED FROM THE RECORDED GAME ]
Feudal
8:57
Castle
20:38
Imperial
44:12
| APM avg | 67.0 |
| APM peak | 129 |
| eAPM avg | 25.3 |
| Villagers / military | 131 / 103 |
Focus
⚔️ 41.8% · 🌾 58.2%
Archer ×78 · Mangonel ×13 · Petard ×9 · Battering Ram ×2 · Monk ×1
Feudal
9:15
Castle
22:52
Imperial
44:45
| APM avg | 47.6 |
| APM peak | 81 |
| eAPM avg | 21.0 |
| Villagers / military | 110 / 127 |
Focus
⚔️ 37.7% · 🌾 62.3%
Archer ×72 · Skirmisher ×23 · Petard ×13 · Mangonel ×9 · Battering Ram ×6 · Monk ×4
Match map
Initial resources + every placement click. Lines = walls · curves = elevation contours. ◆ gold · ⬟ stone · ● berries · ✦ relic · ◌ wall gap
Your base· ✓ Closed at 20:38 · 45t walls · no gate
_EXTERMINATION_'s base· Open — opponent sealed themselves in
Smoothed initial terrain · ◌ = detected wall gap · hover for details
Inputs per minute
— PigeonOnABrick - - _EXTERMINATION_
Build order — PigeonOnABrick
First 150 of 358 actions detected
| 0:01 | Queue | Villager (Male) |
| 0:01 | Queue | Villager (Male) |
| 0:02 | Queue | Villager (Male) |
| 0:03 | Build | House |
| 0:04 | Build | House |
| 0:21 | Queue | Villager (Male) |
| 1:27 | Queue | Villager (Male) |
| 1:27 | Queue | Villager (Male) |
| 1:52 | Build | Lumber Camp |
| 1:59 | Queue | Villager (Male) |
| 2:18 | Queue | Villager (Male) |
| 2:36 | Queue | Villager (Male) |
| 3:05 | Queue | Villager (Male) |
| 3:26 | Build | House |
| 3:31 | Queue | Villager (Male) |
| 4:17 | Queue | Villager (Male) |
| 4:18 | Queue | Villager (Male) |
| 4:25 | Build | Mill |
| 4:37 | Queue | Villager (Male) |
| 4:56 | Queue | Villager (Male) |
| 5:29 | Build | Palisade Wall |
| 5:45 | Queue | Villager (Male) |
| 5:46 | Research | Loom |
| 6:43 | Research | Feudal Age |
| 6:48 | Build | House |
| 7:24 | Build | Barracks |
| 7:41 | Build | Palisade Wall |
| 7:55 | Queue | Villager (Male) |
| 8:15 | Build | Palisade Wall |
| 8:57 | Age | Feudal Age |
| 9:01 | Research | Double-Bit Axe |
| 9:16 | Build | Archery Range |
| 9:24 | Queue | Villager (Male) |
| 9:25 | Queue | Villager (Male) |
| 9:33 | Build | Mining Camp |
| 9:36 | Queue | Villager (Male) |
| 10:15 | Queue | Archer |
| 10:25 | Queue | Villager (Male) |
| 10:35 | Queue | Archer |
| 10:46 | Queue | Villager (Male) |
| 10:56 | Build | House |
| 11:18 | Build | Palisade Wall |
| 11:25 | Queue | Villager (Male) |
| 11:26 | Queue | Archer |
| 11:47 | Build | Blacksmith |
| 11:54 | Queue | Villager (Male) |
| 11:55 | Queue | Archer |
| 12:02 | Build | House |
| 12:11 | Build | Palisade Wall |
| 12:14 | Queue | Villager (Male) |
| 12:29 | Queue | Archer |
| 12:39 | Build | Palisade Wall |
| 12:42 | Build | Palisade Wall |
| 12:47 | Build | Farm |
| 12:48 | Build | Farm |
| 12:50 | Queue | Villager (Male) |
| 13:06 | Build | House |
| 13:20 | Queue | Archer |
| 13:27 | Build | House |
| 13:27 | Build | House |
| 13:30 | Queue | Villager (Male) |
| 13:38 | Build | Palisade Wall |
| 13:48 | Queue | Archer |
| 14:04 | Build | Farm |
| 14:05 | Build | Farm |
| 14:07 | Build | Farm |
| 14:08 | Queue | Villager (Male) |
| 14:21 | Build | Farm |
| 14:23 | Build | Farm |
| 14:27 | Build | Farm |
| 14:31 | Queue | Villager (Male) |
| 14:40 | Build | Farm |
| 14:45 | Build | Farm |
| 14:50 | Research | Fletching |
| 15:05 | Research | Padded Archer Armor |
| 15:07 | Queue | Archer |
| 15:11 | Queue | Villager (Male) |
| 15:13 | Build | Farm |
| 15:16 | Build | Farm |
| 15:17 | Build | Farm |
| 15:19 | Queue | Villager (Male) |
| 15:24 | Build | Farm |
| 15:38 | Build | Farm |
| 15:43 | Queue | Villager (Male) |
| 15:59 | Queue | Archer |
| 16:12 | Build | Palisade Wall |
| 16:42 | Queue | Villager (Male) |
| 16:43 | Queue | Villager (Male) |
| 17:12 | Queue | Archer |
| 17:18 | Queue | Villager (Male) |
| 17:19 | Queue | Archer |
| 17:38 | Build | Lumber Camp |
| 17:50 | Research | Castle Age |
| 18:16 | Queue | Archer |
| 18:20 | Research | Horse Collar |
| 18:21 | Research | Gold Mining |
| 18:24 | Queue | Archer |
| 18:41 | Build | Archery Range |
| 18:49 | Queue | Villager (Male) |
| 18:52 | Queue | Archer |
| 19:13 | Queue | Archer |
| 19:28 | Queue | Archer |
| 19:57 | Build | House |
| 19:58 | Build | House |
| 20:23 | Build | House |
| 20:38 | Age | Castle Age |
| 20:39 | Research | Crossbowman (upgrade) |
| 20:40 | Research | Bodkin Arrow |
| 20:42 | Research | Bow Saw |
| 20:48 | Build | Siege Workshop |
| 20:51 | Queue | Villager (Male) |
| 21:00 | Queue | Archer |
| 21:32 | Queue | Archer |
| 21:32 | Queue | Archer |
| 21:32 | Queue | Villager (Male) |
| 21:40 | Queue | Mangonel |
| 21:48 | Queue | Villager (Male) |
| 21:50 | Queue | Mangonel |
| 21:52 | Queue | Archer |
| 22:00 | Queue | Villager (Male) |
| 22:14 | Queue | Archer |
| 22:14 | Queue | Archer |
| 22:35 | Queue | Mangonel |
| 22:39 | Queue | Villager (Male) |
| 23:02 | Queue | Villager (Male) |
| 23:04 | Queue | Mangonel |
| 23:06 | Queue | Villager (Male) |
| 23:37 | Queue | Archer |
| 23:38 | Queue | Archer |
| 23:45 | Build | House |
| 23:46 | Build | House |
| 23:47 | Build | House |
| 23:47 | Build | House |
| 23:59 | Queue | Villager (Male) |
| 24:08 | Research | Town Watch |
| 24:19 | Build | Town Center |
| 24:30 | Queue | Villager (Male) |
| 24:42 | Queue | Villager (Male) |
| 24:57 | Queue | Villager (Male) |
| 25:23 | Queue | Mangonel |
| 25:23 | Queue | Mangonel |
| 25:32 | Queue | Villager (Male) |
| 25:44 | Queue | Mangonel |
| 26:19 | Queue | Villager (Male) |
| 26:19 | Queue | Villager (Male) |
| 26:27 | Queue | Archer |
| 26:28 | Queue | Archer |
| 26:28 | Build | Farm |
| 26:58 | Queue | Villager (Male) |
| 26:58 | Queue | Villager (Male) |
Build order — _EXTERMINATION_
First 150 of 373 actions detected
| 0:00 | Queue | Villager (Male) |
| 0:02 | Build | House |
| 0:03 | Build | House |
| 0:04 | Queue | Villager (Male) |
| 0:04 | Queue | Villager (Male) |
| 0:16 | Queue | Villager (Male) |
| 1:29 | Queue | Villager (Male) |
| 1:41 | Queue | Villager (Male) |
| 2:05 | Build | Settlement |
| 2:10 | Queue | Villager (Male) |
| 2:41 | Queue | Villager (Male) |
| 3:14 | Queue | Villager (Male) |
| 3:33 | Queue | Villager (Male) |
| 3:40 | Queue | Villager (Male) |
| 4:01 | Build | Settlement |
| 4:16 | Queue | Villager (Male) |
| 4:26 | Queue | Villager (Male) |
| 4:51 | Queue | Villager (Male) |
| 5:11 | Queue | Villager (Male) |
| 5:37 | Queue | Villager (Male) |
| 6:16 | Research | Loom |
| 6:55 | Research | Feudal Age |
| 7:56 | Build | Barracks |
| 7:58 | Build | House |
| 8:03 | Build | House |
| 8:05 | Build | Palisade Wall |
| 8:58 | Queue | Villager (Male) |
| 9:07 | Build | Outpost |
| 9:15 | Age | Feudal Age |
| 9:20 | Research | Double-Bit Axe |
| 9:24 | Build | Archery Range |
| 9:28 | Build | Palisade Wall |
| 9:31 | Build | Palisade Gate |
| 9:33 | Queue | Villager (Male) |
| 9:54 | Queue | Villager (Male) |
| 9:58 | Build | Settlement |
| 10:04 | Build | Palisade Wall |
| 10:10 | Queue | Archer |
| 10:16 | Queue | Villager (Male) |
| 10:32 | Queue | Villager (Male) |
| 10:46 | Build | House |
| 10:49 | Build | Palisade Wall |
| 10:52 | Build | Palisade Wall |
| 10:58 | Queue | Villager (Male) |
| 11:06 | Build | Farm |
| 11:08 | Queue | Archer |
| 11:20 | Queue | Archer |
| 11:43 | Queue | Archer |
| 11:54 | Queue | Villager (Male) |
| 11:55 | Queue | Villager (Male) |
| 12:00 | Queue | Villager (Male) |
| 12:03 | Build | Blacksmith |
| 12:06 | Build | House |
| 12:12 | Queue | Archer |
| 12:15 | Queue | Villager (Male) |
| 12:26 | Build | Farm |
| 12:32 | Queue | Archer |
| 12:43 | Build | Farm |
| 12:49 | Queue | Archer |
| 12:54 | Queue | Archer |
| 13:08 | Build | Farm |
| 13:15 | Build | Farm |
| 13:17 | Queue | Villager (Male) |
| 13:19 | Queue | Archer |
| 13:25 | Queue | Archer |
| 13:28 | Queue | Villager (Male) |
| 13:38 | Queue | Archer |
| 13:45 | Build | Outpost |
| 13:58 | Queue | Archer |
| 14:10 | Build | Farm |
| 14:15 | Queue | Villager (Male) |
| 14:17 | Queue | Archer |
| 14:30 | Queue | Villager (Male) |
| 14:33 | Build | Farm |
| 14:35 | Build | Farm |
| 14:36 | Queue | Archer |
| 14:39 | Build | Farm |
| 14:55 | Build | Outpost |
| 14:58 | Build | Farm |
| 15:08 | Research | Fletching |
| 15:10 | Research | Padded Archer Armor |
| 15:12 | Queue | Archer |
| 15:19 | Build | House |
| 15:20 | Build | House |
| 15:22 | Queue | Villager (Male) |
| 15:23 | Queue | Archer |
| 15:25 | Build | Farm |
| 15:31 | Build | House |
| 15:32 | Build | House |
| 15:35 | Queue | Archer |
| 15:41 | Queue | Archer |
| 15:46 | Build | Outpost |
| 15:48 | Queue | Villager (Male) |
| 16:01 | Build | Farm |
| 16:02 | Queue | Villager (Male) |
| 16:17 | Build | House |
| 16:17 | Build | House |
| 16:20 | Queue | Villager (Male) |
| 16:42 | Queue | Villager (Male) |
| 17:03 | Queue | Archer |
| 17:09 | Queue | Archer |
| 17:09 | Queue | Villager (Male) |
| 17:11 | Queue | Villager (Male) |
| 17:12 | Queue | Archer |
| 17:13 | Queue | Villager (Male) |
| 17:25 | Queue | Archer |
| 17:29 | Build | House |
| 17:29 | Build | House |
| 17:31 | Queue | Villager (Male) |
| 17:47 | Build | Settlement |
| 17:52 | Queue | Archer |
| 18:26 | Build | Market |
| 18:27 | Build | House |
| 18:28 | Build | Palisade Wall |
| 18:40 | Build | Outpost |
| 18:47 | Build | Watch Tower |
| 18:51 | Queue | Archer |
| 18:55 | Build | House |
| 18:57 | Queue | Villager (Male) |
| 18:59 | Queue | Villager (Male) |
| 19:41 | Queue | Villager (Male) |
| 19:46 | Queue | Villager (Male) |
| 19:52 | Research | Castle Age |
| 20:00 | Build | Settlement |
| 20:02 | Build | Archery Range |
| 20:17 | Build | Watch Tower |
| 20:23 | Queue | Villager (Male) |
| 20:24 | Queue | Archer |
| 20:37 | Queue | Archer |
| 20:59 | Queue | Archer |
| 21:01 | Queue | Archer |
| 21:15 | Build | Watch Tower |
| 21:41 | Queue | Archer |
| 21:41 | Queue | Archer |
| 22:10 | Build | House |
| 22:11 | Build | House |
| 22:19 | Research | Horse Collar |
| 22:25 | Queue | Archer |
| 22:29 | Queue | Archer |
| 22:36 | Queue | Archer |
| 22:52 | Age | Castle Age |
| 22:54 | Build | Siege Workshop |
| 22:56 | Queue | Villager (Male) |
| 23:00 | Research | Bodkin Arrow |
| 23:01 | Research | Crossbowman (upgrade) |
| 23:06 | Queue | Petard |
| 23:06 | Queue | Petard |
| 23:16 | Queue | Villager (Male) |
| 23:19 | Queue | Petard |
| 23:19 | Queue | Petard |
Match timeline
| 5:29 | PigeonOnABrick · wall_segment Palisade Wall x1 |
| 7:24 | PigeonOnABrick · first_building Barracks |
| 7:41 | PigeonOnABrick · wall_segment Palisade Wall x2 |
| 7:56 | _EXTERMINATION_ · first_building Barracks |
| 8:05 | _EXTERMINATION_ · wall_segment Palisade Wall x1 |
| 8:15 | PigeonOnABrick · wall_segment Palisade Wall x5 |
| 8:57 | PigeonOnABrick · age_up feudal |
| 9:15 | _EXTERMINATION_ · age_up feudal |
| 9:16 | PigeonOnABrick · first_building Archery Range |
| 9:24 | _EXTERMINATION_ · first_building Archery Range |
| 9:28 | _EXTERMINATION_ · wall_segment Palisade Wall x8 |
| 10:04 | _EXTERMINATION_ · wall_segment Palisade Wall x1 |
| 10:49 | _EXTERMINATION_ · wall_segment Palisade Wall x8 |
| 10:52 | _EXTERMINATION_ · wall_segment Palisade Wall x17 |
| 11:18 | PigeonOnABrick · wall_segment Palisade Wall x13 |
| 12:11 | PigeonOnABrick · wall_segment Palisade Wall x17 |
| 12:39 | PigeonOnABrick · wall_segment Palisade Wall x1 |
| 12:42 | PigeonOnABrick · wall_segment Palisade Wall x1 |
| 13:38 | PigeonOnABrick · wall_segment Palisade Wall x4 |
| 16:12 | PigeonOnABrick · wall_segment Palisade Wall x1 |
| 18:28 | _EXTERMINATION_ · wall_segment Palisade Wall x1 |
| 20:38 | PigeonOnABrick · age_up castle |
| 20:48 | PigeonOnABrick · first_building Siege Workshop |
| 22:52 | _EXTERMINATION_ · age_up castle |
| 22:54 | _EXTERMINATION_ · first_building Siege Workshop |
| 27:22 | _EXTERMINATION_ · first_building Monastery |
| 30:50 | _EXTERMINATION_ · first_market_sell 100 wood |
| 31:40 | _EXTERMINATION_ · first_building Castle |
| 34:54 | PigeonOnABrick · first_market_buy 100 food |
| 36:28 | PigeonOnABrick · first_building Monastery |
| 39:28 | PigeonOnABrick · first_building Castle |
| 40:12 | PigeonOnABrick · first_market_sell 500 wood |
| 41:25 | _EXTERMINATION_ · first_market_buy 100 food |
| 44:12 | PigeonOnABrick · age_up imperial |
| 44:45 | _EXTERMINATION_ · age_up imperial |
| 46:09 | PigeonOnABrick · resign |
[ AI ANALYSIS · 1 CREDIT ]
What really happened in this match?
Wolo.gg analyzes every decision: build order, eco, micro, common mistakes by bracket. Personalized analysis on WhatsApp or Discord in 30 seconds.
Civ guide
Italians
Perfil
Jugador #10657462